 Dungeon Crawl Stone Soup version 0.17-a0-484-g0e03f6a (webtiles) character file.

197136 BluebellGnoll the Eclecticist (level 18, -1/132 HPs)
             Began as a Merfolk Ice Elementalist on Apr 6, 2015.
             Was the Champion of Vehumet.
             Slain by an entropy weaver (16 damage)
             ... on level 2 of the Spider Nest on Apr 10, 2015.
             The game lasted 06:54:06 (57947 turns).

BluebellGnoll the Eclecticist (MfIE)               Turns: 57947, Time: 06:54:06

Health: -1/132     AC:  0    Str: 11    XL:     18   Next: 39%
Magic:  16/41      EV: 30    Int: 23    God:    Vehumet [******]
Gold:   2811       SH:  4    Dex: 16    Spells: 12 memorised, 7 levels left

rFire  . . .     SeeInvis .     U - +7 trident "Iserch" {freeze, Dex+2}
rCold  . . .     Clarity  .     R - +3 leather armour
rNeg   + . .     SustAb   .     Y - +1 buckler {AC+3}
rPois  +         Gourm    .     L - +2 hat
rElec  .         Spirit   .     x - +2 cloak {rPois}
rCorr  .         Warding  +     I - +1 pair of gloves
rMut   .         Stasis   .     T - +2 pair of boots
MR     +++..                    q - brooch of Shielding {Ward rN+ AC+4 EV+4}
Stlth  ++++......               a - ring of the Mage {Wiz MR++ Int+3}
                                Q - ring of Shaolin {EV+8}

@: corroded equipment, extremely resistant to hostile enchantments, stealthy
A: change form in water, swift swim, slimy green scales 1, yellow scales 1,
deformed body, dopey 1, poison resistance, screaming 2, strong 1, evolution 1
a: Renounce Religion
}: 1/15 runes: decaying


You were on level 2 of the Spider Nest.
You worshipped Vehumet.
Vehumet was exalted by your worship.
You were hungry.

You visited 7 branches of the dungeon, and saw 36 of its levels.

You collected 4036 gold pieces.
You spent 1225 gold pieces at shops.

Inventory:

Hand weapons
 J - the +3 dagger of Vuax {pierce, rF+ rN++ Str-5}
   (You found it on level 8 of the Lair of Beasts)

   It inflicts extra damage upon your enemies.
   It affects your strength (-5).
   It protects you from fire.
   It greatly protects you from negative energy.
 U - the +7 trident "Iserch" (weapon) {freeze, Dex+2}
   (You found it on level 14 of the Dungeon)

   It has been specially enchanted to freeze those struck by it, causing extra
   injury to most foes and up to half again as much damage against particularly
   susceptible opponents.
   It can also slow down cold-blooded creatures.
   It affects your dexterity (+2).
Missiles
 e - 86 tomahawks (quivered)
 S - 4 throwing nets
Armour
 x - a +2 cloak of poison resistance (worn)
 I - a +1 pair of gloves (worn)
 L - a +2 hat (worn)
 R - a +3 leather armour (worn)
 T - a +2 pair of boots (worn)
 Y - a +1 buckler of protection (worn)
Rods
 w - a +4 lightning rod (10/10)
   (You found it on level 8 of the Lair of Beasts)
Jewellery
 a - the ring of the Mage (right hand) {Wiz MR++ Int+3}
   (You bought it in a shop on level 12 of the Dungeon)

   [ring of wizardry]

   It improves your spell success rate.
   It affects your intelligence (+3).
   It affects your resistance to hostile enchantments.
 b - an uncursed ring of sustain abilities
 l - an uncursed ring of stealth
 q - the brooch of Shielding (around neck) {Ward rN+ AC+4 EV+4}
   (You found it on level 4 of the Swamp)

   [amulet of warding]

   It may prevent the melee attacks of summoned creatures.
   It affects your AC (+4).
   It affects your evasion (+4).
   It protects you from negative energy.
 r - an uncursed ring of protection from cold
 v - an uncursed ring of invisibility
 B - an uncursed ring of flight
 C - an uncursed ring of teleportation
 E - the ring of the Lonely Stars {rC+ rN+}
   (You acquired it on level 7 of the Dungeon)

   [ring of protection from cold]

   It protects you from cold.
   It protects you from negative energy.
 N - an uncursed ring of see invisible
 Q - the ring of Shaolin (left hand) {EV+8}
   (You found it on level 2 of the Lair of Beasts)

   [ring of evasion]

   It affects your evasion (+8).
Magical devices
 m - a wand of fire (0)
 n - a wand of confusion (24)
 o - a wand of teleportation (4)
 G - a wand of draining (9)
 O - a wand of disintegration (14)
Scrolls
 d - 4 scrolls of immolation
 g - 2 scrolls of fog
 k - 4 scrolls of teleportation
 y - 4 scrolls of magic mapping
 z - a scroll of recharging
 D - 10 scrolls of remove curse
 K - a scroll of identify
 M - a scroll of blinking
Potions
 h - 2 potions of cancellation
 i - a potion of agility
 j - 5 potions of heal wounds
 p - 4 potions of brilliance
 s - a potion of haste
 t - 12 potions of curing
 u - 4 potions of might
 F - a potion of flight
 H - a potion of magic
 P - 2 potions of resistance
 Z - a potion of berserk rage
Comestibles
 c - 21 bread rations
 f - a chunk of flesh
 A - 8 poisonous chunks of flesh


   Skills:
 - Level 9.2 Fighting
 - Level 5.0 Short Blades
 - Level 10.3 Polearms
 - Level 3.7 Throwing
 + Level 10.8 Dodging
 * Level 9.4 Stealth
 - Level 19.0 Spellcasting
 - Level 11.0 Conjurations
 - Level 14.5 Ice Magic


You had 7 spell levels left.
You knew the following spells:

 Your Spells              Type           Power        Failure   Level  Hunger
a - Freeze                Ice            ####         0%          1    None
b - Throw Frost           Conj/Ice       ######       1%          2    None
c - Ozocubu's Armour      Chrm/Ice       ######..     1%          3    None
e - Throw Icicle          Conj/Ice       ######..     1%          4    None
f - Freezing Cloud        Conj/Ice/Air   ######....   3%          6    ###....
g - Mephitic Cloud        Conj/Pois/Air  #####...     1%          3    None
h - Conjure Flame         Conj/Fire      #####...     1%          3    None
i - Iskenderun's Battles  Conj/Chrm      #####...     2%          5    None
j - Ozocubu's Refrigerat  Ice            ######....   1%          6    ###....
k - Bolt of Cold          Conj/Ice       ######....   1%          6    ###....
l - Orb of Destruction    Conj           ######....   7%          7    #####..
r - Repel Missiles        Chrm/Air       ###...       4%          2    None


Dungeon Overview and Level Annotations

Branches:
Dungeon (15/15)            Temple (1/1) D:4            Lair (8/8) D:10
  Swamp (5/5) Lair:5       Spider (2/5) Lair:6        Slime (0/6) Lair:7
    Orc (4/4) D:12            Elf (1/3) Orc:4        Vaults (0/5) D:13
 Depths (0/5) D:15

Altars:
Ashenzari
Cheibriados
Dithmenos
Elyvilon
Fedhas
Gozag
Kikubaaqudgha
Makhleb
Nemelex Xobeh
Okawaru
Qazlal
Ru
Sif Muna
Trog
Vehumet
Xom
Yredelemnul
Zin
The Shining One
Beogh

Shops:
D:12 (=*:   Orc:1 *:   Orc:4 ([((   Elf:1 }

Annotations:
D:14 dig
Lair:7 exclusion: oklob plant


Innate Abilities, Weirdness & Mutations

You revert to your normal form in water.
You are very nimble and swift while swimming.
You are partially covered in slimy green scales (AC +2).
You are partially covered in yellow scales (AC +2).
Armour fits poorly on your strangely shaped body.
You are dopey. (Int -2)
Your system is resistant to poisons.
You sometimes yell uncontrollably at your foes.
Your muscles are strong. (Str +2)
You evolve.


Message History

The entropy weaver is severely wounded.
The entropy weaver hits you!
* * * LOW HITPOINT WARNING * * *
The entropy weaver completely misses you.
You block the entropy weaver's attack. The entropy weaver hits you!
* * * LOW HITPOINT WARNING * * *
The jumping spider leaps!
Unknown command.
You puncture the entropy weaver! You freeze the entropy weaver.
The entropy weaver is almost dead.
The jumping spider leaps!
You block the entropy weaver's attack. The entropy weaver barely misses you.
The entropy weaver completely misses you.
The entropy weaver hits you!
* * * LOW HITPOINT WARNING * * *
Drink which item? (? for menu, Esc to quit)
You feel much better.
The jumping spider leaps!
The entropy weaver hits you!
* * * LOW HITPOINT WARNING * * *
The entropy weaver hits you!
You die...

#....##..#
##......#
#s..†####
#†..(###
##..(.§#
##....#
##s..#
##x§§#
#@.###
####


You could see an entropy weaver and a jumping spider.

Vanquished Creatures
  the Lernaean hydra (Swamp:5)
  Nikola (Swamp:5)
  2 thorn hunters (Swamp:4)
  Kirke (D:14)
  Roxanne (D:14)
  Donald (Elf:1)
  Louise (Elf:1)
  2 orc warlords
  A stone giant (Orc:3)
  2 deep elf demonologists (Elf:1)
  Nessos (D:14)
  A dire elephant (Lair:8)
  The ghost of hornqvist the Bludgeoner, a powerful OgBe of Trog (D:11)
  Snorg (D:14)
  Josephine (Lair:6)
  4 vault guards
  20 hydras
  Harold (D:12)
  The ghost of oplop the Frost Mage, a powerful OpIE of Vehumet (Lair:2)
  A rakshasa (D:13)
  2 catoblepae
  A tengu warrior (D:12)
  5 centaur warriors
  16 death yaks
  5 alligators
  A vampire mage (D:15)
  A deep troll shaman (Lair:8)
  9 deep elf knights (Elf:1)
  3 orc high priests
  Urug (Lair:1)
  7 spriggans
  3 unseen horrors
  5 skeletal warriors
  A fire crab (Lair:8)
  A spriggan druid (Swamp:5)
  2 deep elf summoners (Elf:1)
  A shambling mangrove (Swamp:4)
  17 swamp dragons
  8 hill giants
  2 deep elf conjurers (Elf:1)
  A necromancer (D:15)
  A wolf spider (Spider:2)
  An orb spider (Spider:2)
  8 orc knights
  2 griffons
  8 ugly things
  A hornet (Swamp:4)
  4 cyclopes
  2 orc sorcerers
  A frost giant skeleton (D:15)
  18 elephants
  A torpor snail (Lair:4)
  3 centaur zombies
  5 black mambas
  3 gargoyles
  A queen ant (Lair:6)
  19 spiny frogs
  4 centaur skeletons
  2 fire drakes
  12 komodo dragons
  A demonic crawler (Spider:2)
  An efreet (D:13)
  5 deep elf priests (Elf:1)
  5 jumping spiders
  A hydra zombie (Lair:6)
  16 slime creatures
  A tengu conjurer (D:13)
  3 baby alligators (Swamp:5)
  2 polar bears
  A wolf spider simulacrum (D:15)
  6 giant leeches
  A hornet zombie (D:15)
  2 spriggan zombies (D:15)
  27 blink frogs
  A boulder beetle (Lair:8)
  5 two-headed ogres
  A fire vortex (Lair:3)
  7 bog bodies
  10 trolls
  2 ravens (Swamp:3)
  A fire dragon zombie (D:15)
  3 trapdoor spiders (Spider:1)
  5 redbacks
  2 shadows
  4 wyverns
  3 hogs (D:14)
  3 tarantellas
  10 deep elf fighters
  10 deep elf magi
  A steam dragon (Lair:7)
  9 wraiths
  2 basilisks
  17 hippogriffs
  Grum (D:11)
  3 hungry ghosts
  39 yaks
  20 soldier ants
  20 insubstantial wisps
  17 vampire mosquitoes
  21 swamp worms
  20 wolves
  Duvessa (D:5)
  46 orc warriors
  21 water moccasins
  3 sky beasts
  15 swamp drakes
  2 black bears (Lair:8)
  10 ogres
  3 necrophages
  An ice beast (D:7)
  11 porcupines
  10 wasps
  15 crocodiles
  23 centaurs
  A boring beetle (shapeshifter) (D:14)
  25 giant frogs
  A wyvern zombie (D:14)
  Dowan (D:5)
  A scorpion (D:4)
  13 jellies
  A vampire bat (Lair:6)
  15 killer bees
  8 wights (D:15)
  4 electric eels
  4 goliath beetles
  A giant frog zombie (D:5)
  7 crimson imps
  38 orc priests
  22 hounds
  7 iguanas
  A quasit (D:10)
  Ijyb (D:3)
  3 giant frog skeletons
  45 orc wizards
  A hell rat (Elf:1)
  28 worker ants
  7 sheep
  2 mummies (D:8)
  A hound skeleton (D:4)
  2 worker ant zombies
  A gnoll (D:3)
  51 river rats
  27 adders
  7 shadow imps
  5 worms
  6 giant geckos
  An ooze (D:6)
  272 orcs
  2 ball pythons (D:2)
  A bat skeleton (D:4)
  A bat zombie (D:8)
  8 giant cockroaches
  20 goblins
  21 hobgoblins
  23 jackals
  26 bats
  A giant gecko skeleton (D:4)
  A giant newt (D:2)
  2 giant spores
  17 kobolds
  12 quokkas
  17 rats
  5 ballistomycetes
  A bush (Lair:8)
  A butterfly (Lair:5)
  4 fungi
  5 plants
1481 creatures vanquished.

Vanquished Creatures (collateral kills)
  A troll (D:13)
  A killer bee (D:14)
  An orc wizard (Orc:4)
  An orc (Orc:4)
4 creatures vanquished.

Vanquished Creatures (others)
  A spriggan (Swamp:5)
  A deep elf mage (Elf:1)
  A human (D:14)
  A deep elf fighter (Elf:1)
  2 wasps (Swamp:5)
  7 ice beasts
  A centaur (D:13)
  An orc (Orc:2)
  3 kobolds (D:12)
  2 briar patches (Swamp:4)
  19 fungi
  12 plants
51 creatures vanquished.

Grand Total: 1536 creatures vanquished

Notes
Turn   | Place    | Note
--------------------------------------------------------------
     0 | D:1      | BluebellGnoll, the Merfolk Ice Elementalist, began the quest for the Orb.
     0 | D:1      | Reached XP level 1. HP: 13/13 MP: 3/3
   413 | D:1      | Reached XP level 2. HP: 19/19 MP: 0/5
   464 | D:1      | Learned a level 2 spell: Throw Frost
  1003 | D:2      | Reached XP level 3. HP: 24/24 MP: 1/7
  1073 | D:2      | Learned a level 3 spell: Ozocubu's Armour
  1211 | D:2      | Found a shimmering altar of Xom.
  1678 | D:2      | Reached skill level 4 in Ice Magic
  1678 | D:2      | Reached XP level 4. HP: 26/30 MP: 4/8
  2112 | D:2      | Reached skill level 1 in Short Blades
  2112 | D:2      | Reached XP level 5. HP: 30/35 MP: 7/9
  2485 | D:3      | Noticed Ijyb
  2501 | D:3      | Killed Ijyb
  2790 | D:3      | Reached XP level 6. HP: 41/41 MP: 10/10
  2865 | D:3      | Reached skill level 5 in Stealth
  2954 | D:4      | Found a radiant altar of Vehumet.
  2960 | D:4      | Found a blossoming altar of Fedhas.
  2976 | D:4      | Became a worshipper of Vehumet
  3141 | D:4      | Found a glowing golden altar of the Shining One.
  3374 | D:4      | Found a bloodstained altar of Trog.
  3526 | D:4      | Found a staircase to the Ecumenical Temple.
  3532 | Temple   | Entered the Ecumenical Temple
  3636 | D:4      | Reached skill level 5 in Ice Magic
  3698 | D:5      | Entered Level 5 of the Dungeon
  3698 | D:5      | Found a sacrificial altar of Ru.
  3870 | D:5      | Acquired Vehumet's first power
  3870 | D:5      | Offered knowledge of Sandblast by Vehumet.
  3870 | D:5      | Reached XP level 7. HP: 40/46 MP: 7/13
  4087 | D:5      | Learned a level 4 spell: Throw Icicle
  4260 | D:5      | Learned a level 4 spell: Condensation Shield
  4412 | D:5      | Noticed Dowan
  4419 | D:5      | Noticed Duvessa
  4422 | D:5      | Killed Dowan
  4422 | D:5      | Reached skill level 1 in Throwing
  4433 | D:5      | Killed Duvessa
  4433 | D:5      | Reached skill level 5 in Spellcasting
  4665 | D:5      | Reached skill level 6 in Ice Magic
  4665 | D:5      | Reached XP level 8. HP: 31/52 MP: 15/15
  5265 | D:6      | Offered knowledge of Searing Ray by Vehumet.
  5348 | D:6      | Reached skill level 7 in Ice Magic
  6543 | D:6      | Reached skill level 5 in Dodging
  6543 | D:6      | Reached XP level 9. HP: 32/57 MP: 6/19
  6749 | D:6      | Learned a level 2 spell: Searing Ray
  6885 | D:7      | Learned a level 4 spell: Summon Ice Beast
  6923 | D:7      | Identified a scroll of acquirement
  6924 | D:7      | Got a glittering pewter ring
  6926 | D:7      | Identified the ring of the Lonely Stars {rC+ rN+} (You acquired it on level 7 of the Dungeon)
  6947 | D:7      | Found a sparkling altar of Nemelex Xobeh.
  7212 | D:7      | Offered knowledge of Throw Flame by Vehumet.
  7261 | D:7      | Reached skill level 8 in Ice Magic
  7337 | D:7      | Found a stormy altar of Qazlal.
  7454 | D:7      | Found an opulent altar of Gozag.
  7778 | D:8      | Acquired Vehumet's second power
  8245 | D:8      | Offered knowledge of Conjure Flame by Vehumet.
  8253 | D:8      | Learned a level 3 spell: Conjure Flame
  8428 | D:8      | Reached skill level 9 in Spellcasting
  8851 | D:8      | Reached XP level 10. HP: 63/63 MP: 23/23
  9322 | D:9      | Found a basalt altar of Yredelemnul.
  9492 | D:9      | Found a snail-covered altar of Cheibriados.
  9539 | D:9      | Gained mutation: You occasionally shout uncontrollably at your foes. [mutagenic meat]
  9540 | D:9      | Gained mutation: You are partially covered in iridescent scales (AC +4). [mutagenic meat]
  9561 | D:9      | Reached skill level 10 in Spellcasting
  9711 | D:9      | Reached skill level 1 in Fighting
  9744 | D:9      | Got a distressingly furry chain mail
  9901 | D:9      | Acquired Vehumet's third power
 10155 | D:9      | Found a white marble altar of Elyvilon.
 10156 | D:9      | Found an ancient bone altar of Kikubaaqudgha.
 10299 | D:10     | Entered Level 10 of the Dungeon
 10370 | D:10     | Offered knowledge of Olgreb's Toxic Radiance by Vehumet.
 10618 | D:10     | Identified the +1 chain mail of the Many Curses {rC+ Str+4} (You found it on level 9 of the Dungeon)
 10703 | D:10     | Found a staircase to the Lair.
 10703 | D:10     | Noticed an elephant
 10733 | D:10     | Killed an elephant
 10818 | D:10     | Reached skill level 5 in Short Blades
 10921 | D:10     | Noticed a hill giant
 10948 | D:10     | Killed a hill giant
 11207 | D:10     | Reached skill level 5 in Fighting
 11329 | D:10     | Reached XP level 11. HP: 80/80 MP: 25/25
 11348 | D:10     | Noticed a hill giant
 11368 | D:10     | Killed a hill giant
 12054 | D:10     | Offered knowledge of Venom Bolt by Vehumet.
 12428 | D:10     | Noticed a hill giant
 12437 | D:10     | Killed a hill giant
 12759 | D:11     | Reached skill level 1 in Polearms
 12917 | Lair:1   | Entered Level 1 of the Lair of Beasts
 13221 | Lair:1   | Noticed Urug
 13268 | Lair:1   | Killed Urug
 13285 | Lair:1   | Noticed a seven-headed hydra
 13292 | Lair:1   | Killed a seven-headed hydra
 13292 | Lair:1   | Reached skill level 5 in Polearms
 13751 | Lair:1   | Noticed a five-headed hydra
 13780 | D:10     | Killed a five-headed hydra
 13965 | D:10     | Upgraded the game from 0.17-a0-465-g279efb6 to 0.17-a0-473-gfd9ac06
 14867 | Lair:2   | Reached XP level 12. HP: 91/91 MP: 26/26
 15114 | Lair:1   | Reached skill level 11 in Spellcasting
 15548 | Lair:2   | Learned a level 3 spell: Mephitic Cloud
 15674 | Lair:2   | Noticed oplop's ghost (powerful OpIE)
 15853 | Lair:2   | Killed oplop's ghost
 16562 | Lair:3   | Reached skill level 12 in Spellcasting
 18028 | D:11     | Reached skill level 13 in Spellcasting
 18118 | D:11     | Noticed hornqvist's ghost (powerful OgBe)
 19428 | Lair:4   | Noticed a six-headed hydra
 19441 | Lair:4   | Killed a six-headed hydra
 19441 | Lair:4   | Reached XP level 13. HP: 88/96 MP: 12/30
 19468 | Lair:4   | Reached skill level 14 in Spellcasting
 19510 | Lair:4   | Offered knowledge of Ozocubu's Refrigeration by Vehumet.
 19524 | Lair:4   | Learned a level 6 spell: Ozocubu's Refrigeration
 21397 | Lair:5   | Reached skill level 10 in Ice Magic
 21808 | Lair:5   | Reached skill level 1 in Conjurations
 21936 | Lair:5   | Found a staircase to the Swamp.
 22359 | Lair:6   | Found a hole to the Spider Nest.
 23071 | Lair:2   | Learned a level 6 spell: Bolt of Cold
 23157 | D:11     | Noticed Grum
 23164 | D:11     | Killed Grum
 23184 | D:10     | Gained mutation: You can breathe flames. [mutagenic meat]
 23185 | D:10     | Gained mutation: You evolve. [mutagenic meat]
 23186 | D:10     | Gained mutation: Armour fits poorly on your strangely shaped body. [mutagenic meat]
 23676 | D:11     | Noticed a hill giant
 23716 | D:10     | Killed a hill giant
 23717 | D:10     | Killed an unseen horror
 24095 | D:11     | Lost mutation: You are partially covered in iridescent scales (AC +4). [evolution]
 24108 | D:11     | Killed hornqvist's ghost
 24108 | D:11     | Offered knowledge of Ignite Poison by Vehumet.
 25056 | D:12     | Noticed Harold
 25093 | D:12     | Found Caytson's Jewellery Emporium.
 25100 | D:12     | Bought the ring of the Mage {Wiz MR++ Int+3} for 723 gold pieces
 25183 | D:12     | Found a staircase to the Orcish Mines.
 25203 | D:12     | Found Neudemat's General Store.
 25204 | D:12     | Found Poachopa's Book Boutique.
 25392 | D:12     | Killed Harold
 25418 | D:12     | Reached skill level 15 in Spellcasting
 25418 | D:12     | Reached XP level 14. HP: 63/106 MP: 31/33
 25887 | D:12     | Found Cekolim's Weapon Shoppe.
 26404 | D:13     | Found a gate to the Vaults.
 27671 | D:13     | Reached skill level 16 in Spellcasting
 28057 | D:13     | Upgraded the game from 0.17-a0-473-gfd9ac06 to 0.17-a0-483-g810ce3f
 28128 | D:13     | Gained mutation: You sometimes yell uncontrollably at your foes. [mutagenic meat]
 28129 | D:13     | Gained mutation: You are partially covered in yellow scales (AC +2). [mutagenic meat]
 28236 | D:13     | Lost mutation: You evolve. [mutagenic meat]
 28237 | D:13     | Gained mutation: You possess an exceptional clarity of mind. [mutagenic meat]
 28238 | D:13     | Gained mutation: Your spells are a little easier to cast, but a little less powerful. [mutagenic meat]
 29817 | D:14     | Got a steaming trident
 29854 | D:14     | Identified the +7 trident "Iserch" {freeze, Dex+2} (You found it on level 14 of the Dungeon)
 30343 | Lair:6   | Noticed Josephine
 30624 | Lair:6   | Killed Josephine
 30723 | Lair:6   | Offered knowledge of Bolt of Draining by Vehumet.
 30770 | Lair:6   | Reached skill level 5 in Conjurations
 31986 | Lair:6   | Reached XP level 15. HP: 79/113 MP: 27/35
 32591 | Lair:7   | Found a staircase to the Slime Pits.
 32828 | Lair:7   | Offered knowledge of Delayed Fireball by Vehumet.
 33120 | Lair:8   | Entered Level 8 of the Lair of Beasts
 34234 | Lair:8   | Got a dazzling dagger
 34270 | Lair:8   | Identified the cursed +3 dagger of Vuax {pierce, rF+ rN++ Str-5} (You found it on level 8 of the Lair of Beasts)
 34701 | Orc:1    | Entered Level 1 of the Orcish Mines
 34709 | D:12     | Reached skill level 17 in Spellcasting
 34846 | Orc:1    | Found Bapabuif's Assorted Antiques.
 34849 | Orc:1    | Bought a coppery potion for 23 gold pieces
 34849 | Orc:1    | Bought a scroll labeled TIEMNO AXKO for 26 gold pieces
 34849 | Orc:1    | Bought a small jade ring for 130 gold pieces
 35027 | Orc:2    | Upgraded the game from 0.17-a0-483-g810ce3f to 0.17-a0-484-g0e03f6a
 35345 | Orc:3    | Offered knowledge of Orb of Destruction by Vehumet.
 35378 | Orc:3    | Found a roughly hewn altar of Beogh.
 36751 | Orc:1    | Found Ucopp's Book Shop.
 36768 | Orc:1    | Learned a level 7 spell: Orb of Destruction
 36805 | Orc:1    | Found a glowing golden altar of the Shining One.
 37228 | Orc:4    | Entered Level 4 of the Orcish Mines
 37248 | Orc:4    | Offered knowledge of Poison Arrow by Vehumet.
 37260 | Orc:4    | Found a roughly hewn altar of Beogh.
 37272 | Orc:4    | Reached skill level 10 in Polearms
 37309 | Orc:4    | Found a staircase to the Elven Halls.
 37327 | Orc:4    | Found a roughly hewn altar of Beogh.
 37419 | Orc:4    | Found a roughly hewn altar of Beogh.
 37497 | Orc:4    | Found a roughly hewn altar of Beogh.
 37553 | Orc:4    | Found Quomus's Antique Weapon Shoppe.
 37822 | Orc:4    | Found a roughly hewn altar of Beogh.
 37853 | Orc:4    | Found Qenotty's Weapon Shop.
 38494 | Orc:4    | Reached skill level 10 in Dodging
 38787 | Orc:4    | Found a roughly hewn altar of Beogh.
 38877 | Orc:4    | Found Waqun's Antique Armour Emporium.
 38877 | Orc:4    | Found a roughly hewn altar of Beogh.
 38881 | Orc:4    | Found Geithrin's Antique Weapon Shoppe.
 38892 | Orc:4    | Bought a topaz-encrusted ring mail for 198 gold pieces
 38892 | Orc:4    | Bought a shadowed robe for 125 gold pieces
 39024 | Orc:4    | Identified the cursed +0 robe "Forget-Me-Not" {rF+ Str+4 Dex-3} (You bought it in a shop on level 4 of the Orcish Mines)
 39035 | Orc:4    | Identified the +1 ring mail of Zaona {MR+} (You bought it in a shop on level 4 of the Orcish Mines)
 40491 | Lair:8   | Reached XP level 16. HP: 99/120 MP: 27/37
 40584 | Lair:8   | Offered knowledge of Fire Storm by Vehumet.
 40584 | Lair:8   | Offered knowledge of Glaciate by Vehumet.
 40584 | Lair:8   | Offered knowledge of Chain Lightning by Vehumet.
 41823 | Lair:2   | Learned a level 5 spell: Iskenderun's Battlesphere
 41946 | Swamp:1  | Entered Level 1 of the Swamp
 42166 | Swamp:1  | Identified the Guide on Curses and Earth
 44851 | Lair:2   | Learned a level 2 spell: Repel Missiles
 45024 | Elf:1    | Entered Level 1 of the Elven Halls
 45024 | Elf:1    | Noticed Donald
 45808 | Elf:1    | Reached skill level 10 in Conjurations
 46045 | Elf:1    | Found Rocza's Gadget Shop.
 46197 | Elf:1    | Killed Donald
 47190 | Elf:1    | Found a sparkling altar of Nemelex Xobeh.
 47236 | Elf:1    | Noticed Louise
 47248 | Elf:1    | Killed Louise
 47533 | Elf:1    | Reached XP level 17. HP: 126/126 MP: 38/38
 48349 | D:11     | Reached skill level 18 in Spellcasting
 48829 | D:14     | Noticed Nessos
 48859 | D:14     | Killed Nessos
 49130 | D:14     | Noticed Roxanne
 49180 | D:14     | Killed Roxanne
 49424 | D:14     | Noticed Kirke
 49430 | D:14     | Killed Kirke
 49788 | D:14     | Noticed Snorg
 49794 | D:14     | Killed Snorg
 49867 | D:14     | Gained mutation: You evolve. [mutagenic meat]
 49868 | D:14     | Lost mutation: You can breathe flames. [mutagenic meat]
 49869 | D:14     | Lost mutation: Your spells are a little easier to cast, but a little less powerful. [mutagenic meat]
 49870 | D:14     | Gained mutation: Your spells are a little easier to cast, but a little less powerful. [mutagenic meat]
 49872 | D:14     | Gained mutation: Your muscles are strong. (Str +2) [mutagenic meat]
 49873 | D:14     | Gained mutation: You are dopey. (Int -2) [mutagenic meat]
 49874 | D:14     | Gained mutation: You are partially covered in slimy green scales (AC +2). [mutagenic meat]
 50244 | D:15     | Entered Level 15 of the Dungeon
 50902 | D:15     | Found a staircase to the Depths.
 51523 | D:14     | Lost mutation: You possess an exceptional clarity of mind. [mutagenic meat]
 51525 | D:14     | Lost mutation: Your spells are a little easier to cast, but a little less powerful. [mutagenic meat]
 51735 | D:15     | Gained mutation: Your system is resistant to poisons. [evolution]
 52110 | D:14     | Reached skill level 19 in Spellcasting
 52399 | Lair:2   | Learned a level 6 spell: Freezing Cloud
 54655 | Swamp:5  | Entered Level 5 of the Swamp
 55061 | Swamp:5  | Noticed Nikola
 55132 | Swamp:5  | Killed Nikola
 55512 | Swamp:5  | Reached XP level 18. HP: 121/132 MP: 41/41
 55790 | Swamp:5  | Noticed the 27-headed Lernaean hydra
 56528 | Swamp:5  | Got a decaying rune of Zot
 56650 | Swamp:5  | Killed the 27-headed Lernaean hydra
 57630 | Spider:1 | Entered Level 1 of the Spider Nest
 57846 | Spider:1 | You fall through a shaft!
 57947 | Spider:2 | Slain by an entropy weaver

Action                   |  1- 3 |  4- 6 |  7- 9 | 10-12 | 13-15 | 16-18 || total
-------------------------+-------+-------+-------+-------+-------+-------++-------
Melee: Dagger            |    50 |   140 |   174 |       |       |    14 ||   378
       Unarmed           |     3 |       |       |       |       |       ||     3
       Short sword       |     2 |       |   222 |   678 |  1070 |       ||  1972
       Spear             |       |       |       |    94 |   304 |       ||   398
       Trident           |       |       |       |       |  1644 |  1380 ||  3024
 Fire: Blowgun           |       |       |    12 |   160 |    27 |    15 ||   214
Throw: Tomahawk          |    13 |    16 |    34 |     4 |    24 |     7 ||    98
       Javelin           |       |       |       |    62 |    36 |     1 ||    99
 Cast: Freeze            |    40 |    42 |    30 |    28 |       |       ||   140
       Throw Frost       |       |     2 |    20 |    10 |     5 |     9 ||    46
       Throw Icicle      |       |       |    46 |   153 |   165 |   279 ||   643
       Ozocubu's Armour  |       |       |     2 |     2 |    63 |    39 ||   106
       Condensation Shie |       |       |     2 |     2 |    21 |       ||    25
       Conjure Flame     |       |       |       |    16 |    16 |     1 ||    33
       Mephitic Cloud    |       |       |       |    24 |   127 |    64 ||   215
       Searing Ray       |       |       |       |     3 |       |       ||     3
       Bolt of Cold      |       |       |       |       |    58 |    51 ||   109
       Summon Ice Beast  |       |       |       |       |    10 |     1 ||    11
       Ozocubu's Refrige |       |       |       |       |     1 |       ||     1
       Iskenderun's Batt |       |       |       |       |       |    62 ||    62
       Repel Missiles    |       |       |       |       |       |     2 ||     2
       Orb of Destructio |       |       |       |       |       |    47 ||    47
       Freezing Cloud    |       |       |       |       |       |     2 ||     2
 Abil: Evoke Teleportati |       |       |       |       |       |     1 ||     1
Evoke: Wand              |       |       |     8 |     6 |     2 |     6 ||    22
  Use: Scroll            |     1 |     4 |    14 |     8 |    15 |    17 ||    59
       Potion            |       |     1 |     3 |     1 |     3 |     9 ||    17
 Stab: Sleeping          |     2 |    15 |     8 |    25 |    35 |     7 ||    92
       Distracted        |       |       |     3 |     1 |     7 |     2 ||    13
       Confused          |       |       |       |    13 |    50 |    33 ||    96
       Fleeing           |       |       |       |       |     1 |       ||     1
       Invisible         |       |       |       |       |       |     6 ||     6
  Eat: Chunk             |     3 |     7 |    21 |    41 |    79 |    76 ||   227
       Beef jerky        |       |       |     1 |       |     3 |     3 ||     7
       Fruit             |       |       |     1 |       |     1 |     3 ||     5
       Royal jelly       |       |       |       |     1 |       |     1 ||     2
       Meat ration       |       |       |       |       |     1 |       ||     1
       Pizza             |       |       |       |       |     1 |     1 ||     2
